 Dungeon Crawl Stone Soup version 0.23.0-3-gf3c87f2 (webtiles) character file.

Game seed: 5066439935395280967

14275 TheAlmogaver the Thaumaturge (level 12, -1/133 HPs)
             Began as a Gnoll Wizard on Feb 21, 2019.
             Was a Priest of Ashenzari.
             Slain by an ice dragon (3 damage)
             ... in an ice cave on Feb 24, 2019.
             The game lasted 02:03:20 (17487 turns).

TheAlmogaver the Thaumaturge (Gnoll Wizard)        Turns: 17487, Time: 02:03:21

Health: -1/133     AC: 26    Str:  9    XL:     12   Next: 14%
Magic:  11/25      EV:  2    Int: 26    God:    Ashenzari [***...]
Gold:   386        SH:  7    Dex: 14    Spells: 6/30 levels left

rFire    . . .     SeeInvis +   N - +9 war axe (freeze) (curse)
rCold    + . .     Gourm    .   o - +1 buckler (curse)
rNeg     + + +     Faith    .   (armour currently unavailable)
rPois    +         Spirit   .   (helmet currently unavailable)
rElec    .         Reflect  .   (cloak currently unavailable)
rCorr    .         Harm     .   (gloves currently unavailable)
MR       +....     NoTele   +   (boots currently unavailable)
Stlth    +++++.....             l - amulet of magic regeneration (curse)
HPRegen  0.32/turn              J - ring of Liberty {+Fly MR+} (curse)
MPRegen  0.44/turn              A - ring "Loemm" {rC+ Stlth+} (curse)

@: tree-form
A: distributed training, strong nose
a: Curse Item, Scrying, Renounce Religion


You were in an ice cave.
You worshipped Ashenzari.
Ashenzari was most pleased with you.
You were not hungry.
You were a tree.
You visited 3 branches of the dungeon, and saw 12 of its levels.
You also visited: Ice Cave.

You collected 562 gold pieces.
You spent 176 gold pieces at shops.

Inventory:

Hand Weapons
 N - a cursed +9 war axe of freezing (weapon)
Missiles
 i - 123 arrows
 r - 20 tomahawks (quivered)
Armour
 a - a +0 robe (melded)
 b - a +0 hat (melded)
 n - a scarf of repulsion (melded)
 o - a cursed +1 buckler (worn)
Magical Staves
 p - an uncursed staff of air
Jewellery
 g - an uncursed ring of fire
 l - a cursed amulet of magic regeneration (around neck)
 m - a +5 ring of dexterity
 A - the cursed ring "Loemm" (right branch) {rC+ Stlth+}
   (You bought it in a shop on level 6 of the Dungeon)

   [ring of stealth]

   It protects you from cold.
   It makes you more stealthy.
   It has a curse placed upon it.
 C - an uncursed amulet of faith
 G - an uncursed ring of see invisible
 I - an uncursed ring of resist corrosion
 J - the cursed ring of Liberty (left branch) {+Fly MR+}
   (You found it on level 8 of the Dungeon)

   [ring of flight]

   It affects your resistance to hostile enchantments.
   It lets you fly.
   It has a curse placed upon it.
Wands
 h - a wand of digging (4)
 j - a wand of scattershot (5)
 u - a wand of flame (24)
 v - a wand of iceblast (8)
 L - a wand of disintegration (19)
 M - a wand of random effects (17)
Scrolls
 y - a scroll of amnesia
 z - a scroll of immolation
 F - 3 scrolls of remove curse
 H - a scroll of silence
Potions
 e - a potion of brilliance
 f - 3 potions of flight
 q - 2 potions of lignification
 s - a potion of haste
 t - 2 potions of mutation
 x - a potion of agility
 D - 3 potions of might
Comestibles
 d - 20 rations


   Skills:
 + Level 6.9 Fighting
 + Level 6.9 Short Blades
 + Level 6.9 Long Blades
 + Level 6.9(9.9) Axes
 + Level 6.9 Maces & Flails
 + Level 6.9 Polearms
 + Level 6.9 Staves
 + Level 6.9 Slings
 + Level 6.9 Bows
 + Level 6.9 Crossbows
 + Level 6.9 Throwing
 + Level 6.9 Armour
 + Level 8.3 Dodging
 + Level 8.1 Stealth
 + Level 6.9(8.8) Shields
 + Level 6.9 Unarmed Combat
 + Level 9.9 Spellcasting
 + Level 6.1(9.1) Conjurations
 + Level 5.7(8.6) Hexes
 + Level 5.7(8.6) Charms
 + Level 6.1(9.1) Summonings
 + Level 5.7(8.6) Necromancy
 + Level 6.1(9.1) Translocations
 + Level 5.7(8.6) Transmutations
 + Level 5.7(8.6) Fire Magic
 + Level 5.7(8.6) Ice Magic
 + Level 5.7(8.6) Air Magic
 + Level 5.7(8.6) Earth Magic
 + Level 5.7(8.6) Poison Magic
 + Level 7.5 Invocations
 + Level 6.9(9.9) Evocations


You had 6 spell levels left.
You knew the following spells:

 Your Spells              Type           Power        Failure   Level  Hunger
a - Magic Dart            Conj           ####         1%          1    None
b - Blink                 Tloc           N/A          1%          2    None
c - Call Imp              Summ           ######..     1%          2    None
d - Conjure Flame         Conj/Fire      ######..     1%          3    None
e - Mephitic Cloud        Conj/Pois/Air  ######..     1%          3    None
f - Apportation           Tloc           ######       1%          1    None
g - Summon Butterflies    Summ           ######..     1%          1    None
h - Petrify               Tmut/Erth      ######..     1%          4    None
i - Stone Arrow           Conj/Erth      ######       1%          3    None
j - Animate Dead          Necr           N/A          1%          4    None

Your spell library contained the following spells:

 Spells                   Type           Power        Failure   Level  Hunger
 Animate Skeleton         Necr           N/A          1%          1    None
 Confusing Touch          Hex            ######       1%          1    None
 Pain                     Necr           ####         1%          1    None
 Sandblast                Erth           ######       1%          1    None
 Passwall                 Tmut/Erth      ######..     1%          2    None
 Slow                     Hex            ######..     1%          2    None
 Confuse                  Hex            ######..     1%          3    None
 Gell's Gravitas          Tloc           ######....   1%          3    None
 Lesser Beckoning         Tloc           ######....   1%          3    None
 Regeneration             Chrm/Necr      ######....   1%          3    None
 Tukima's Dance           Hex            ######..     1%          3    None
 Vampiric Draining        Necr           ######....   1%          3    None
 Alistair's Intoxication  Tmut/Pois      ######..     3%          5    ####...
 Lee's Rapid Deconstruct  Erth           ######....   3%          5    ####...
 Metabolic Englaciation   Hex/Ice        ######....   3%          5    ####...
 Yara's Violent Unravell  Hex/Tmut       ######....   3%          5    ####...
 Invisibility             Hex            ######..     21%         6    #####..


Dungeon Overview and Level Annotations

Branches:
Dungeon (10/15)            Temple (1/1) D:4            Lair (1/6) D:9
    Orc: D:9-12

Altars:
Ashenzari
Cheibriados
Dithmenos
Elyvilon
Fedhas
Gozag
Hepliaklqana
Kikubaaqudgha
Makhleb
Nemelex Xobeh
Okawaru
Qazlal
Ru
Sif Muna
Trog
Uskayaw
Vehumet
Wu Jian
Xom
Yredelemnul
Zin
The Shining One

Shops:
D:5 [   D:6 *   D:7 ?


Innate Abilities, Weirdness & Mutations

Your experience applies equally to all skills.
((You have very sharp teeth.))
Your uncanny sense of smell can sniff out nearby items.


Message History

Really quaff the potion of lignification?
You turn into a tree.
Your scarf of repulsion melds into your body.
Your +0 hat melds into your body.
Your +0 robe melds into your body.
The haze of the repulsion field disappears.
Your roots penetrate the ground.
Casting: Blink (safe; 1% risk of failure)
Confirm with . or Enter, or press ? or * to list all spells.
Aiming: Petrify (safe; 1% risk of failure)
Press: ? - help, Shift-Dir - straight line, f/p - ice dragon
Aim: an ice dragon (severely wounded, chance to defeat MR: 58%)
The ice dragon is moving more slowly.
The ice dragon breathes frost at you.
The blast of cold hits the ice dragon.
The ice dragon resists.
The blast of cold hits you! You resist.
* * * LOW HITPOINT WARNING * * *
You hit the ice dragon but do no damage.
The ice dragon is severely wounded.
You block the ice dragon's attack. The ice dragon claws you.
You die...

.#..D...##
###.##...#
∆∆###..##### ∆∆∆
#.##...#
∆∆∆∆#.D..#.##
∆∆**##.###..## **
≈### ##..#### ≈≈ ≈
##.D..#### ≈≈≈≈
≈##..D♣..### ≈≈
*######...## * *
###..## * * ##..###
###....### , ,***
###........## , , .
###...........## ,
..#..............##
**
##................#


You could see 2 ice dragons.

Vanquished Creatures
  A hydra (D:10)
  A two-headed ogre (D:8)
  The ghost of tidbits the Magician, a novice GnSk of Cheibriados (D:9)
  Urug (D:10)
  An unseen horror (D:10)
  Pikel (D:4)
  2 ice statues (IceCv)
  A black mamba (Lair:1)
  2 rime drakes
  A komodo dragon (Lair:1)
  A queen bee (D:9)
  2 hippogriffs
  2 dream sheep (D:10)
  8 yaks
  A vampire (D:10)
  A basilisk (Lair:1)
  Menkaure (D:7)
  A vampire mosquito (D:10)
  4 porcupines (D:9)
  2 orc warriors (D:9)
  A black bear (D:9)
  3 sky beasts
  2 slaves (D:4)
  A phantom (D:10)
  15 ice beasts
  An ogre (D:10)
  A centaur (D:10)
  2 big kobolds (D:10)
  3 bullfrogs
  A gnoll sergeant (D:10)
  A wyvern skeleton (D:10)
  3 scorpions
  28 killer bees
  9 wights
  2 howler monkeys
  2 crimson imps
  5 hounds
  6 jellies
  4 orc priests
  6 orc wizards
  An iguana (D:8)
  3 worker ants
  A hound skeleton (D:8)
  4 gnolls
  A howler monkey skeleton (D:9)
  9 adders
  3 oozes
  An adder zombie (D:8)
  A dart slug (D:1)
  6 leopard geckos
  27 orcs
  5 giant cockroaches
  4 hobgoblins
  8 jackals
  7 kobolds
  A quokka (D:2)
  3 ball pythons
  11 bats
  2 frilled lizards
  9 goblins
  12 rats
250 creatures vanquished.

Vanquished Creatures (collateral kills)
  A rime drake (Lair:1)
  Prince Ribbit (D:9)
  A hippogriff (Lair:1)
  A wyvern (D:8)
  Eustachio (D:6)
  A hungry ghost (D:8)
  A porcupine (Lair:1)
  4 orc warriors
  An ogre (D:6)
  A slave (D:4)
  A phantom (D:10)
  2 sky beasts
  2 big kobolds
  2 bullfrogs
  4 killer bees
  A scorpion (D:10)
  A vampire bat (D:6)
  A wight (D:9)
  3 crimson imps
  A centaur zombie (D:8)
  A jelly (D:6)
  A hound (D:8)
  3 orc wizards
  3 iguanas
  6 worker ants
  4 gnolls
  3 adders
  2 shadow imps (D:10)
  An ooze (D:5)
  2 adder skeletons
  4 worms
  2 leopard geckos
  15 orcs
  A giant cockroach (D:6)
  3 jackals
  A ball python (D:7)
  3 bats (D:6)
  A leopard gecko skeleton (D:4)
  A quokka skeleton (D:7)
88 creatures vanquished.

Vanquished Creatures (others)
  A killer bee (D:7)
  An iguana (D:6)
  An orc (D:9)
  A quokka skeleton (D:6)
  A fungus (D:9)
5 creatures vanquished.

Grand Total: 343 creatures vanquished

Notes
Turn   | Place    | Note
-------+----------+-------------------------------------------
     0 | D:1      | TheAlmogaver the Gnoll Wizard began the quest for the Orb.
     0 | D:1      | Reached XP level 1. HP: 13/13 MP: 8/8
    75 | D:1      | Reached XP level 2. HP: 16/19 MP: 0/10
   947 | D:1      | Reached XP level 3. HP: 25/25 MP: 8/11
   951 | D:1      | Learned a level 2 spell: Blink
   954 | D:1      | Learned a level 2 spell: Call Imp
   958 | D:1      | Learned a level 3 spell: Conjure Flame
   962 | D:1      | Learned a level 3 spell: Mephitic Cloud
  1434 | D:2      | Reached skill level 1 in Invocations
  1572 | D:2      | Reached skill level 1 in Fighting
  1572 | D:2      | Reached skill level 1 in Short Blades
  1572 | D:2      | Reached skill level 1 in Long Blades
  1572 | D:2      | Reached skill level 1 in Axes
  1572 | D:2      | Reached skill level 1 in Maces & Flails
  1572 | D:2      | Reached skill level 1 in Polearms
  1572 | D:2      | Reached skill level 1 in Staves
  1572 | D:2      | Reached skill level 1 in Slings
  1572 | D:2      | Reached skill level 1 in Bows
  1572 | D:2      | Reached skill level 1 in Crossbows
  1572 | D:2      | Reached skill level 1 in Throwing
  1572 | D:2      | Reached skill level 1 in Armour
  1572 | D:2      | Reached skill level 1 in Shields
  1572 | D:2      | Reached skill level 1 in Unarmed Combat
  1572 | D:2      | Reached skill level 1 in Evocations
  1697 | D:2      | Reached XP level 4. HP: 32/32 MP: 10/13
  2147 | D:2      | Noticed a sky beast
  2210 | D:2      | Killed a sky beast
  2210 | D:2      | Reached skill level 1 in Hexes
  2210 | D:2      | Reached skill level 1 in Charms
  2210 | D:2      | Reached skill level 1 in Necromancy
  2210 | D:2      | Reached skill level 1 in Transmutations
  2210 | D:2      | Reached skill level 1 in Fire Magic
  2210 | D:2      | Reached skill level 1 in Ice Magic
  2210 | D:2      | Reached skill level 1 in Air Magic
  2210 | D:2      | Reached skill level 1 in Earth Magic
  2210 | D:2      | Reached skill level 1 in Poison Magic
  2210 | D:2      | Reached XP level 5. HP: 30/37 MP: 5/14
  2513 | D:3      | Found an opulent altar of Gozag.
  2715 | D:3      | Found an iron altar of Okawaru.
  3455 | D:4      | Found a stormy altar of Qazlal.
  3463 | D:4      | Found a staircase to the Ecumenical Temple.
  3475 | D:4      | Reached XP level 6. HP: 43/44 MP: 5/16
  3874 | D:4      | Reached skill level 5 in Dodging
  4138 | Temple   | Entered the Ecumenical Temple
  4164 | Temple   | Became a worshipper of Ashenzari the Shackled
  4499 | D:4      | Noticed a slave
  4549 | D:4      | Killed a slave
  4641 | D:4      | Noticed Pikel
  4645 | D:4      | Noticed a slave
  4651 | D:4      | Noticed a slave
  4654 | D:4      | Noticed a slave
  4655 | D:4      | Killed a slave
  4676 | D:4      | Killed a slave
  4679 | D:4      | Killed Pikel
  4679 | D:4      | Reached XP level 7. HP: 41/51 MP: 6/18
  4920 | D:4      | Reached skill level 5 in Stealth
  5034 | D:5      | Entered Level 5 of the Dungeon
  5085 | D:5      | Reached XP level 8. HP: 34/57 MP: 3/19
  5568 | D:5      | Found Zocraos's Antique Armour Boutique.
  5686 | D:5      | Reached * piety under Ashenzari
  5706 | D:6      | Found a shattered altar of Ashenzari.
  5981 | D:6      | Reached skill level 8 in Spellcasting
  6108 | D:6      | Noticed Eustachio
  6166 | D:6      | Killed Eustachio
  6275 | D:6      | Found a glowing golden altar of the Shining One.
  6310 | D:6      | Found a radiant altar of Vehumet.
  6342 | D:6      | Reached XP level 9. HP: 65/65 MP: 19/21
  6553 | D:6      | Found Buem's Assorted Antiques.
  6561 | D:6      | Bought a sparkling wooden ring for 140 gold pieces
  6561 | D:6      | Identified the ring "Loemm" {rC+ Stlth+} (You bought it in
                  | a shop on level 6 of the Dungeon)
  6752 | D:6      | Found a blossoming altar of Fedhas.
  7601 | D:7      | Found Toucridgh's Magic Scroll Emporium.
  7608 | D:7      | Reached ** piety under Ashenzari
  7609 | D:7      | Bought a scroll of teleportation for 36 gold pieces
  7943 | D:7      | Noticed Menkaure
  7991 | D:7      | Killed Menkaure
  8212 | D:8      | Identified the ring of Liberty {+Fly MR+}
  8232 | D:8      | Noticed a two-headed ogre
  8256 | D:8      | Killed a two-headed ogre
  8256 | D:8      | Reached skill level 5 in Invocations
  8621 | D:8      | Learned a level 1 spell: Apportation
  8623 | D:8      | Learned a level 1 spell: Summon Butterflies
  8687 | D:8      | Learned a level 4 spell: Petrify
  8959 | D:8      | Reached XP level 10. HP: 73/73 MP: 17/22
 10601 | D:9      | Reached skill level 5 in Fighting
 10601 | D:9      | Reached skill level 5 in Short Blades
 10601 | D:9      | Reached skill level 5 in Long Blades
 10601 | D:9      | Reached skill level 5 in Axes
 10601 | D:9      | Reached skill level 5 in Maces & Flails
 10601 | D:9      | Reached skill level 5 in Polearms
 10601 | D:9      | Reached skill level 5 in Staves
 10601 | D:9      | Reached skill level 5 in Slings
 10601 | D:9      | Reached skill level 5 in Bows
 10601 | D:9      | Reached skill level 5 in Crossbows
 10601 | D:9      | Reached skill level 5 in Throwing
 10601 | D:9      | Reached skill level 5 in Armour
 10601 | D:9      | Reached skill level 5 in Shields
 10601 | D:9      | Reached skill level 5 in Unarmed Combat
 10601 | D:9      | Reached skill level 5 in Evocations
 10611 | D:9      | Found a staircase to the Lair.
 11082 | D:9      | Noticed Prince Ribbit
 11099 | D:9      | Killed Prince Ribbit
 11437 | D:9      | Found a shadowy altar of Dithmenos.
 11486 | D:9      | Reached skill level 9 in Spellcasting
 11506 | D:9      | Reached skill level 5 in Conjurations
 11506 | D:9      | Reached skill level 5 in Summonings
 11506 | D:9      | Reached skill level 5 in Translocations
 12504 | D:9      | Reached XP level 11. HP: 81/81 MP: 16/24
 12718 | D:10     | Entered Level 10 of the Dungeon
 12809 | D:10     | Noticed a two-headed hydra
 12827 | D:10     | HP: 4/81 [seven-headed hydra (7)]
 12833 | D:10     | Killed a seven-headed hydra
 12833 | D:10     | Reached skill level 5 in Hexes
 12833 | D:10     | Reached skill level 5 in Charms
 12833 | D:10     | Reached skill level 5 in Necromancy
 12833 | D:10     | Reached skill level 5 in Transmutations
 12833 | D:10     | Reached skill level 5 in Fire Magic
 12833 | D:10     | Reached skill level 5 in Ice Magic
 12833 | D:10     | Reached skill level 5 in Air Magic
 12833 | D:10     | Reached skill level 5 in Earth Magic
 12833 | D:10     | Reached skill level 5 in Poison Magic
 13406 | D:10     | HP: 3/81 [poisoned by a killer bee]
 13407 | D:9      | HP: 1/81 [poisoned by a killer bee]
 13929 | D:9      | Learned a level 3 spell: Tukima's Dance
 14226 | D:10     | Noticed Urug
 14256 | D:10     | Killed Urug
 14712 | D:10     | Reached *** piety under Ashenzari
 14743 | D:10     | Found a runed translucent door.
 14744 | D:10     | Noticed tidbits's ghost (novice GnSk)
 14972 | D:10     | Learned a level 4 spell: Animate Dead
 15327 | D:10     | Noticed an unseen horror
 15365 | D:10     | Killed an unseen horror
 15722 | D:9      | Killed tidbits's ghost
 15902 | Lair:1   | Entered Level 1 of the Lair of Beasts
 16118 | Lair:1   | Found a frozen archway.
 16128 | IceCv    | Entered an ice cave
 16286 | IceCv    | Reached XP level 12. HP: 82/89 MP: 20/25
 17014 | IceCv    | Learned a level 3 spell: Stone Arrow
 17446 | IceCv    | Noticed an ice dragon
 17446 | IceCv    | Noticed an ice dragon
 17477 | IceCv    | HP: 4/89 [ice dragon/blast of cold (10)]
 17486 | IceCv    | HP: 2/133 [ice dragon/blast of cold (8)]
 17487 | IceCv    | Slain by an ice dragon

Skill      XL: |  1  2  3  4  5  6  7  8  9 10 11 |
---------------+----------------------------------+-----
Conjurations   | 2 3 4 5 6 |  6.1
Summonings     | 2 3 4 5 6 |  6.1
Translocations | 2 3 4 5 6 |  6.1
Invocations    | 1 2 3 4 5 6 7 |  7.5
Fighting       | 1 2 3 4 5 6 |  6.9
Short Blades   | 1 2 3 4 5 6 |  6.9
Long Blades    | 1 2 3 4 5 6 |  6.9
Axes           | 1 2 3 4 5 6 |  6.9
Maces & Flails | 1 2 3 4 5 6 |  6.9
Polearms       | 1 2 3 4 5 6 |  6.9
Staves         | 1 2 3 4 5 6 |  6.9
Slings         | 1 2 3 4 5 6 |  6.9
Bows           | 1 2 3 4 5 6 |  6.9
Crossbows      | 1 2 3 4 5 6 |  6.9
Throwing       | 1 2 3 4 5 6 |  6.9
Armour         | 1 2 3 4 5 6 |  6.9
Shields        | 1 2 3 4 5 6 |  6.9
Unarmed Combat | 1 2 3 4 5 6 |  6.9
Evocations     | 1 2 3 4 5 6 |  6.9
Hexes          | 1 2 3 4 5 |  5.7
Charms         | 1 2 3 4 5 |  5.7
Necromancy     | 1 2 3 4 5 |  5.7
Transmutations | 1 2 3 4 5 |  5.7
Fire Magic     | 1 2 3 4 5 |  5.7
Ice Magic      | 1 2 3 4 5 |  5.7
Air Magic      | 1 2 3 4 5 |  5.7
Earth Magic    | 1 2 3 4 5 |  5.7
Poison Magic   | 1 2 3 4 5 |  5.7
Dodging        | 5 6 7 8 |  8.3
Stealth        | 5 6 7 8 |  8.1
Spellcasting   | 8 9 |  9.9

Action                   |  1- 3 |  4- 6 |  7- 9 | 10-12 || total
-------------------------+-------+-------+-------+-------++-------
Melee: Unarmed           |    15 |       |       |       ||    15
       Dagger            |     5 |    57 |    12 |       ||    74
       Bite              |       |     7 |    19 |    34 ||    60
       Staff             |       |       |   104 |    77 ||   181
       War axe           |       |       |       |   301 ||   301
 Cast: Magic Dart        |    74 |    82 |   162 |   126 ||   444
       Call Imp          |     8 |    32 |    61 |   113 ||   214
       Mephitic Cloud    |       |    13 |    30 |    35 ||    78
       Blink             |       |       |    10 |    26 ||    36
       Petrify           |       |       |       |    55 ||    55
       Conjure Flame     |       |       |       |    12 ||    12
       Summon Butterflie |       |       |       |     2 ||     2
       Animate Dead      |       |       |       |     4 ||     4
       Tukima's Dance    |       |       |       |     2 ||     2
       Stone Arrow       |       |       |       |    11 ||    11
Invok: Curse Item        |       |       |     3 |     1 ||     4
Evoke: Wand              |       |       |    16 |     8 ||    24
  Use: Potion            |       |     1 |       |     7 ||     8
       Scroll            |       |       |     5 |    15 ||    20
 Stab: Confused          |       |     3 |    16 |    14 ||    33
       Distracted        |       |       |     1 |     2 ||     3
       Petrified         |       |       |       |    90 ||    90
       Petrifying        |       |       |       |     3 ||     3
       Sleeping          |       |       |       |     2 ||     2
  Eat: Chunk             |     2 |     6 |     3 |     5 ||    16
       Ration            |       |     1 |     3 |     7 ||    11
Armor: Robe              |     4 |     4 |    17 |    12 ||    37
       Skin              |       |       |       |     3 ||     3
Dodge: Dodged            |    25 |    51 |   171 |   248 ||   495
       Deflected         |       |       |       |     2 ||     2
Block: Buckler           |       |    21 |    66 |    94 ||   181
